 Dungeon Crawl Stone Soup version 0.27-a0-1101-ge311f74bc8 (webtiles) character file.

Game seed: 8186155241338673682

2068 robertstho the Covert (level 9, -7/61 HPs)
             Began as an Octopode Berserker on Apr 28, 2021.
             Was an Elder of Trog.
             Mangled by a gnoll sergeant
             ... wielding a +0 vorpal spear
              (10 damage)
             ... on level 7 of the Dungeon.
             The game lasted 00:12:14 (6345 turns).

robertstho the Covert (Octopode Berserker)          Turns: 6345, Time: 00:12:14

Health: -7/61      AC:  2    Str: 25    XL:     9   Next: 26%
Magic:  0/9        EV: 16    Int: 13    God:    Trog [****..]
Gold:   341        SH:  7    Dex: 19    Spells: 8/8 levels left

rFire    . . .     SeeInvis .   c - +0 short sword (venom)
rCold    . . .     Faith    .   e - +2 buckler {reflect}
rNeg     + . .     Spirit   +   i - +1 hat {Stlth+}
rPois    +         Reflect  +   l - amulet of guardian spirit
rElec    .         Harm     .   f - ring "Pivoot" {rCorr Int+4 Dex+6}
rCorr    +         Rampage  .   j - ring "Cygamos" {+Blink rPois Str+7 Slay-2}
Will     .....                  m - ring of positive energy
Stlth    +++++++...             (no ring)
HPRegen  0.20/turn              (no ring)
MPRegen  0.11/turn              (no ring)
                                (no ring)
                                (no ring)

@: on berserk cooldown, slowed, very slow
A: almost no armour, amphibious, 8 rings, camouflage 1, gelatinous body 1,
(nimble swimmer 1), tentacles
a: Renounce Religion, Evoke Blink, Berserk, Trog's Hand, Brothers in Arms


You were on level 7 of the Dungeon.
You worshipped Trog.
Trog was greatly pleased with you.
You visited 1 branch of the dungeon, and saw 7 of its levels.
You also visited: Sewer.

You collected 341 gold pieces.

Inventory:

Hand Weapons
 a - a +0 hand axe of flaming
 c - a +0 short sword of venom (weapon)
 n - the +11 mace "Worm" {drain, rC+ SInv}
   (You found it on level 4 of the Dungeon)

   A truly terrible weapon, it drains the life of those it strikes.
   It protects you from cold.
   It lets you see invisible.
Armour
 e - a +2 buckler of reflection (worn)
 i - a +1 hat of stealth (worn)
Jewellery
 f - the ring "Pivoot" (left tentacle) {rCorr Int+4 Dex+6}
   (You acquired it on level 3 of the Dungeon)

   [ring of dexterity]

   It affects your intelligence (+4).
   It affects your dexterity (+6).
   It protects you from acid and corrosion.
 j - the ring "Cygamos" (right tentacle) {+Blink rPois Str+7 Slay-2}
   (You acquired it on level 3 of the Dungeon)

   [ring of poison resistance]

   It affects your strength (+7).
   It affects your accuracy and damage with ranged weapons and melee attacks
   (-2).
   It protects you from poison.
   It lets you blink.
 l - an amulet of guardian spirit (around mantle)
 m - a ring of positive energy (on tentacle)
Wands
 t - a wand of digging (6)
 w - a wand of polymorph (15)
Scrolls
 s - 2 scrolls of immolation
 v - a scroll of brand weapon
Potions
 d - 2 potions of heal wounds {unknown}
 g - 3 potions of might {unknown}
 h - 2 potions of mutation {unknown}
 k - 2 potions of haste {unknown}
 o - 2 potions of attraction {unknown}
 p - a potion of degeneration {unknown}
 q - a potion of brilliance {unknown}
 r - a potion of cancellation {unknown}
 u - a potion of berserk rage {unknown}


   Skills:
 * Level 5.4 Fighting
 + Level 4.5 Short Blades
 + Level 3.3 Axes
 * Level 5.9 Dodging
 * Level 11.1 Stealth
 + Level 1.8 Shields


You had 8 spell levels left.
You didn't know any spells.
Your spell library was empty.

Dungeon Overview and Level Annotations

Branches:
Dungeon (7/15)             Temple (0/1) D:5           Sewer (visited)

Altars:
Dithmenos
Ru
Uskayaw


Innate Abilities, Weirdness & Mutations

You cannot wear most types of armour.
You are amphibious.
You can wear up to eight rings at the same time.
Your skin changes colour to match your surroundings (Stealth+).
Your rubbery body absorbs attacks. (AC +1, EV +1)
((You are camouflaged near water. (Stealth+)))
You have tentacles for arms and can constrict up to eight enemies at once.


Message History

You grab the gnoll.
The gnoll is almost dead.
You are no longer berserk.
You are exhausted.
You feel yourself slow down.
You constrict the gnoll.
You kill the gnoll!
Trog accepts your kill.
The gnoll sergeant hits you from afar with a +0 vorpal spear!
You are too injured to fight recklessly!
Unknown command.
You are too injured to fight recklessly!
Unknown command.
You are too injured to fight recklessly!
Unknown command.
You are too injured to fight recklessly!
Unknown command.
You are too injured to fight recklessly!
Unknown command.
You are too injured to fight recklessly!
Unknown command.
You are too injured to fight recklessly!
Unknown command.
You are too injured to fight recklessly!
Unknown command.
You are too injured to fight recklessly!
The orc closely misses you. You block the gnoll's attack.
You block the orc's attack. The gnoll hits you with a +0 whip.
The steam dragon breathes steam at you. The ball of steam hits you!!
* * * LOW HITPOINT WARNING * * *
You feel better. The steam dragon bites you!
* * * LOW HITPOINT WARNING * * *
You block the steam dragon's attack.
The gnoll sergeant is engulfed in a cloud of scalding steam.
The gnoll sergeant barely misses you. The steam dragon bites you.
* * * LOW HITPOINT WARNING * * *
You block the steam dragon's attack.
The gnoll sergeant is engulfed in a cloud of scalding steam.
The gnoll sergeant hits you from afar with a +0 vorpal spear!
You die...

#.......# ...#
#.......#
#.##<##.#
##.#######.###
# #.# #
#(.........#
#..
#..#########
#### #
####..##
#.#>...(.#
#.#....§.#
#........#
###..§@..#
#...D§.#
###g#### #.g.#
#...# #)..#
#)))# .......
(..........


You could see a steam dragon, a gnoll sergeant and a gnoll.

Vanquished Creatures
  2 water moccasins
  An ice beast (D:5)
  A sky beast (D:6)
  Purgy (Sewer)
  A black bear (D:7)
  2 ogres
  A centaur (D:6)
  2 phantoms (D:5)
  3 lemures (D:7)
  3 scorpions
  2 water moccasin zombies (D:6)
  A howler monkey (D:5)
  A bullfrog skeleton (D:5)
  A hound (D:4)
  2 jellies
  4 orc priests
  3 iguanas
  3 orc wizards
  3 hell rats (D:5)
  Robin (D:3)
  A howler monkey zombie (D:7)
  4 river rats (D:5)
  4 adders
  4 gnolls (D:7)
  A white imp (D:5)
  2 ufetubi (D:5)
  An adder skeleton (D:4)
  4 worms
  2 dart slugs
  21 orcs
  4 ball pythons
  5 endoplasms
  10 giant cockroaches
  14 goblins
  12 hobgoblins
  8 jackals
  4 kobolds
  5 quokkas
  9 bats
  A frilled lizard (D:1)
  20 rats
174 creatures vanquished.

Notes
Turn   | Place    | Note
-------+----------+-------------------------------------------
     0 | D:1      | robertstho the Octopode Berserker began the quest for the
                  | Orb.
     0 | D:1      | Reached XP level 1. HP: 16/16 MP: 1/1
   203 | D:1      | Reached XP level 2. HP: 21/21 MP: 2/2
   455 | D:1      | Reached XP level 3. HP: 24/26 MP: 3/3
   839 | D:2      | Reached ** piety under Trog
   840 | D:2      | Reached skill level 1 in Stealth
   840 | D:2      | Reached XP level 4. HP: 15/32 MP: 4/4
  1192 | D:2      | Found a faded altar of an unknown god.
  1392 | D:2      | Reached skill level 2 in Stealth
  1850 | D:2      | Identified a scroll of acquirement
  1850 | D:2      | Acquired a +2 buckler of reflection
  1892 | D:3      | Noticed a scorpion
  1898 | D:3      | Killed a scorpion
  1899 | D:3      | Reached skill level 1 in Short Blades
  1899 | D:3      | Reached skill level 3 in Stealth
  1899 | D:3      | Reached XP level 5. HP: 17/37 MP: 5/5
  2138 | D:3      | Noticed Robin
  2178 | D:3      | Killed Robin
  2379 | D:3      | Reached skill level 4 in Stealth
  3034 | D:3      | Acquired the ring "Pivoot" {rCorr Int+4 Dex+6}
  3036 | D:3      | Acquired the ring "Cygamos" {+Blink rPois Str+7 Slay-2}
  3038 | D:3      | Acquired a +0 hat of stealth
  3119 | D:4      | Reached XP level 6. HP: 23/43 MP: 6/6
  3124 | D:4      | Reached skill level 5 in Stealth
  3124 | D:4      | Reached *** piety under Trog
  3431 | D:4      | Identified the +11 mace "Worm" {drain, rC+ SInv}
  3668 | D:4      | Reached skill level 6 in Stealth
  3668 | D:4      | Reached XP level 7. HP: 48/48 MP: 7/7
  3994 | D:5      | Entered Level 5 of the Dungeon
  4161 | D:5      | Found a sacrificial altar of Ru.
  4179 | D:5      | Found a staircase to the Ecumenical Temple.
  4208 | D:5      | Found a glowing drain.
  4225 | Sewer    | Entered a sewer
  4254 | Sewer    | Noticed Purgy
  4267 | Sewer    | Killed Purgy
  4268 | Sewer    | Reached skill level 7 in Stealth
  4478 | D:5      | Reached skill level 1 in Shields
  4478 | D:5      | Reached XP level 8. HP: 48/54 MP: 5/8
  4481 | D:5      | Reached skill level 5 in Dodging
  4481 | D:5      | Reached skill level 8 in Stealth
  4701 | D:5      | Found the +2 ratskin cloak {*Rats rPois rN+ Str-1 Int-1
                  | Dex+1}
  4707 | D:5      | Reached **** piety under Trog
  5155 | D:5      | Reached skill level 9 in Stealth
  5332 | D:5      | Reached skill level 5 in Fighting
  5670 | D:6      | Found a hide-covered altar of Uskayaw.
  5975 | D:6      | Reached skill level 10 in Stealth
  5989 | D:6      | Reached XP level 9. HP: 61/61 MP: 9/9
  6041 | D:7      | Found a shadowy altar of Dithmenos.
  6060 | D:7      | Reached skill level 11 in Stealth
  6345 | D:7      | HP: 3/61 [steam dragon (4)]
  6345 | D:7      | Mangled by a gnoll sergeant

Illustrated notes

Levels and vault maps discovered:
D:1:      minmay_arrival_wavy_path, layout_basic, minmay_3d_cube
D:2:      cheibrodos_pilgrimage, layout_basic,
          hellmonk_ecumenical_altar_inner_sanctum
D:3:      layout_loops_cross, serial_bayou_pond_a, dk_vineyard_1, uniq_robin
D:4:      layout_cave_pools
D:5:      wander_guarded_unrand_ratskin, layout_loops_cross,
          lemuel_crystal_altar, minmay_temple_entry_proselytizer,
          gup_sewer_entry_pipe, ebering_dispersal_statue_hall,
          minmay_diced_spiral
D:6:      layout_gridville, lemuel_doored_altar
D:7:      layout_loops_cross, nicolae_dithmenos_through_a_glass_darkly,
          ashenzari_altar_1, uniq_maggie, uniq_pikel

Skill      XL: |  1  2  3  4  5  6  7  8  9 |
---------------+----------------------------+-----
Stealth        | 1 3 4 6 7 10 11 | 11.1
Short Blades   | 1 2 3 4 |  4.5
Dodging        | 4 5 |  5.9
Fighting       | 4 5 |  5.4
Shields        | 1 |  1.8
Axes           | |  3.3

Action                   |  1- 3 |  4- 6 |  7- 9 || total
-------------------------+-------+-------+-------++-------
Melee: Short sword       |    41 |   102 |   161 ||   304
       Constrict         |    16 |    24 |    35 ||    75
       Tentacles         |     9 |    18 |    44 ||    71
       Hand axe          |     1 |       |       ||     1
Invok: Berserk           |     2 |     4 |     8 ||    14
       Trog's Hand       |       |       |     2 ||     2
  Use: Scroll            |       |    10 |     4 ||    14
       Potion            |       |     1 |     5 ||     6
 Stab: Sleeping          |     4 |    13 |    32 ||    49
Armor: Skin              |     3 |       |    19 ||    22
Dodge: Dodged            |    28 |    42 |   119 ||   189
Block: Buckler           |       |    16 |    41 ||    57

Table legend: (Time is in decaauts)
 A = Elapsed time spent in this place.
 B = Non-inter-level travel time spent in this place.
 C = Inter-level travel time spent in this place.
 D = Time resting spent in this place.
 E = Time spent auto-exploring this place.
 F = Levels seen in this place.
 G = Mean time per level.
                   A        B        C        D        E       F      G
               +--------+--------+--------+--------+--------+-----+--------+
         Total |   6460 |   6280 |    180 |   1157 |   4141 |   8 |  807.5 |
       Dungeon |   6280 |   6100 |    180 |   1078 |   4101 |   7 |  897.1 |
         Sewer |    179 |    179 |      0 |     79 |     40 |   1 |  179.0 |
               +--------+--------+--------+--------+--------+-----+--------+

Top non-repeatable levels by time:
     D:2: 1304 daAuts
     D:5: 1212 daAuts
     D:3: 1152 daAuts
     D:1: 818 daAuts
     D:4: 774 daAuts
     D:6: 705 daAuts
     D:7: 312 daAuts
   Sewer: 179 daAuts
